 Dungeon Crawl Stone Soup version 0.29-a0-620-g13ace881f2 (webtiles) character file.

Game seed: 13496914187327807591

17 enile the Gusty (level 2, 0/19 HPs)
             Began as an Octopode Air Elementalist on June 18, 2022.
             Was a Follower of Qazlal.
             Succumbed to a kobold's poison
             ... on level 2 of the Dungeon.
             The game lasted 00:01:22 (1319 turns).

enile the Gusty (Octopode Air Elementalist)         Turns: 1319, Time: 00:01:22

Health: 0/19       AC:  1    Str:  7    XL:     2   Next: 62%
Magic:  5/5        EV: 13    Int: 17    God:    Qazlal [*.....]
Gold:   71         SH:  1    Dex: 12    Spells: 4/5 levels left

rFire   . . .      SeeInvis .   m - +0 arbalest
rCold   . . .      Faith    .   (shield currently unavailable)
rNeg    . . .      Spirit   .   (helmet restricted)
rPois   .          Reflect  .   (no amulet)
rElec   .          Harm     .   (no ring)
rCorr   .          Rampage  .   (no ring)
Will    .....                   (no ring)
Stlth   +++.......              (no ring)
HPRegen 0.06/turn               (no ring)
MPRegen 0.09/turn               (no ring)
                                (no ring)
                                (no ring)

@: lethally poisoned (0 -> -11), invisible
A: almost no armour, amphibious, 8 rings, camouflage 1, gelatinous body 1,
(nimble swimmer 1), tentacles
a: Renounce Religion


You were on level 2 of the Dungeon.
You worshipped Qazlal.
Qazlal was aware of your devotion.
You visited 1 branch of the dungeon, and saw 2 of its levels.

You collected 71 gold pieces.

Inventory:

Hand Weapons
 g - a +0 dagger
 m - a +0 arbalest (weapon)
Missiles
 i - a throwing net
Jewellery
 e - a ring of willpower
Scrolls
 c - 2 scrolls of vulnerability {unknown}
 h - 3 scrolls of identify {unknown}
 k - 2 scrolls of noise {unknown}
 o - a scroll of brand weapon {unknown}
Potions
 a - a potion of magic
 d - a potion of ambrosia {unknown}
 j - 3 potions of cancellation {unknown}
 l - a potion of lignification {unknown}
 n - 2 potions of flight {unknown}


   Skills:
 - Level 2.0 Fighting
 + Level 0.6 Crossbows
 - Level 2.0 Dodging
 - Level 2.6 Stealth
 - Level 2.0 Spellcasting
 - Level 1.0 Conjurations
 - Level 3.0 Air Magic


You had 4 spell levels left.
You knew the following spells:

 Your Spells              Type           Power      Damage    Failure   Level
a - Shock                 Conj/Air       32%        1d5       9%          1

Your spell library contained the following spells:

 Spells                   Type           Power      Damage    Failure   Level
 Magic Dart               Conj           20%        1d4       13%         1
 Static Discharge         Conj/Air       8%         N/A       13%         2
 Swiftness                Air            11%        N/A       17%         3
 Call Imp                 Summ           1%         N/A       28%         2
 Mephitic Cloud           Conj/Pois/Air  6%         N/A       32%         3
 Dazzling Flash           Conj/Hex       6%         N/A       43%         3
 Airstrike                Air            5%         N/A       50%         4
 Iskenderun's Mystic Bla  Conj/Tloc      3%         2d3       83%         4
 Starburst                Conj/Fire      1%         6d3       100%        6


Dungeon Overview and Level Annotations

Branches:
Dungeon (2/15)

Altars:
Qazlal


Innate Abilities, Weirdness & Mutations

You cannot wear most types of armour.
You are amphibious.
You can wear up to eight rings at the same time.
Your skin changes colour to match your surroundings (Stealth+).
Your rubbery body absorbs attacks. (AC +1, EV +1)
((You are camouflaged when in or above water. (Stealth+)))
You have tentacles for arms and can constrict up to eight enemies at once.


Message History

Aim: a kobold, wielding a +2 dagger of venom and quivering stones (45% to hit)
You shoot a bolt. The bolt barely misses the kobold.
You feel very sick. The kobold misses you.
The kobold hits you with a +2 dagger of venom.
You are more poisoned.
Okay, then.
It was a potion of curing.
You feel better. The kobold closely misses you.
Casting: Shock (safe; 9% risk of failure)
Confirm with . or Enter, or press ? or * to list all spells.
Okay, then.
You aren't carrying any items that you can evoke.
It was a potion of invisibility.
You fade into invisibility!
The kobold hits you with a +2 dagger of venom.
You are lethally poisoned!
Okay, then.
You feel very sick. The kobold completely misses you.
You feel very sick.
You feel sick.
* * * LOW HITPOINT WARNING * * *
You feel sick.
The kobold throws a stone.
The stone hits you.
* * * LOW HITPOINT WARNING * * *
You feel better.
The kobold throws a stone.
The stone completely misses you.
Shoot: m) +0 arbalest
Press: ? - help, Shift-Dir - straight line, f/p - kobold
Aim: a kobold, wielding a +2 dagger of venom and quivering stones (can't see you, 45% to hit)
You shoot a bolt. The bolt closely misses the kobold.
The kobold throws a stone.
The stone misses you.
Shoot: m) +0 arbalest
Press: ? - help, Shift-Dir - straight line, f/p - kobold
Aim: a kobold, wielding a +2 dagger of venom and quivering stones (can't see you, 45% to hit)
You shoot a bolt. The bolt barely misses the kobold.
The kobold closely misses you.
The kobold hits you with a +2 dagger of venom.
* * * LOW HITPOINT WARNING * * *
You are lethally poisoned!
You die...

#....# #. #
#..### . #..# .#
#..# #. #..# #
#..######
#.......#
#.######.#####.#
#...@K...#
########.# #.#
#.#####.#
#.......#
##..##### ??#
..# ..#


You could see a kobold (can't see you).

Vanquished Creatures
  A dart slug (D:1)
  An endoplasm (D:1)
  2 goblins
  3 hobgoblins (D:2)
  A kobold (D:1)
  A quokka (D:1)
  A ball python (D:2)
  A frilled lizard (D:1)
  3 rats
14 creatures vanquished.

Notes
Turn   | Place    | Note
-------+----------+-------------------------------------------
     0 | D:1      | enile the Octopode Air Elementalist began the quest for the
                  | Orb.
     0 | D:1      | Reached XP level 1. HP: 11/11 MP: 3/3
   157 | D:1      | Found a faded altar of an unknown god.
   171 | D:1      | Reached skill level 1 in Fighting
   172 | D:1      | Prayed at the altar of an unknown god.
   172 | D:1      | Became a worshipper of Qazlal Stormbringer
   172 | D:1      | Reached * piety under Qazlal
   309 | D:1      | Reached XP level 2. HP: 18/18 MP: 0/5
  1319 | D:2      | Succumbed to a kobold's poison

Illustrated notes

Levels and vault maps discovered:
D:1:      heliophobic_arrival_battle_scene, layout_basic,
          hellmonk_ecumenical_altar_run_dry, chequers_serial_rivers_marsh,
          hex_medium, hangedman_decor_lopped, minmay_strange_pillars
D:2:      layout_loops_ring, minmay_misc_feat_pillars, minmay_increasing_density

Skill      XL: |  1  2 |
---------------+-------+-----
Fighting       | 1 2 |  2.0
Crossbows      | |  0.6
Dodging        | |  2.0
Stealth        | |  2.6
Spellcasting   | |  2.0
Conjurations   | |  1.0
Air Magic      | |  3.0

Action                   || total
-------------------------++-------
Melee: Dagger            ||     3
       Unarmed           ||     2
       Constrict         ||     1
       Tentacles         ||     1
 Fire: Arbalest          ||    19
 Cast: Shock             ||    12
  Use: Potion            ||     3
Dodge: Dodged            ||    11

Table legend: (Time is in decaauts)
 A = Elapsed time spent in this place.
 B = Non-inter-level travel time spent in this place.
 C = Inter-level travel time spent in this place.
 D = Time resting spent in this place.
 E = Time spent auto-exploring this place.
 F = Levels seen in this place.
 G = Mean time per level.
                   A        B        C        D        E       F      G
               +--------+--------+--------+--------+--------+-----+--------+
         Total |   1332 |   1252 |     80 |      0 |   1127 |   2 |  666.0 |
       Dungeon |   1332 |   1252 |     80 |      0 |   1127 |   2 |  666.0 |
               +--------+--------+--------+--------+--------+-----+--------+

Top non-repeatable levels by time:
     D:1: 1222 daAuts
     D:2: 110 daAuts
